 Dungeon Crawl Stone Soup version 0.26.0-7-g794d0892b4 (webtiles) character file.

Game seed: 9840649177517386356

13179 H0rd4k the Eclecticist (level 11, -15/54 HPs)
             Began as a Deep Elf Hedge Wizard on Jan 9, 2021.
             Was an Initiate of Gozag.
             Demolished by a freezing wraith (17 damage)
             ... in an ice cave on Jan 11, 2021.
             The game lasted 00:55:59 (17708 turns).

H0rd4k the Eclecticist (Deep Elf Hedge Wizard)     Turns: 17708, Time: 00:55:59

Health: -15/54     AC:  6    Str:  7    XL:     11   Next: 72%
Magic:  0/33       EV: 14    Int: 23    God:    Gozag
Gold:   770        SH:  0    Dex: 14    Spells: 20/43 levels left

rFire    . . .     SeeInvis .   V - staff of conjuration
rCold    . . .     Faith    .   (no shield)
rNeg     + . .     Spirit   +   K - +2 robe {Will+}
rPois    .         Reflect  .   c - +2 hat
rElec    .         Harm     .   (no cloak)
rCorr    .         Rampage  .   (no gloves)
Will     +++..                  (no boots)
Stlth    +++.......             q - amulet of guardian spirit
HPRegen  0.18/turn              e - ring of willpower
MPRegen  0.23/turn              F - ring of positive energy

@: slowed, very slow
A: no striking features
a: Renounce Religion, Potion Petition, Call Merchant, Bribe Branch


You were in an ice cave.
You worshipped Gozag.
Gozag was pleased with you.
You visited 3 branches of the dungeon, and saw 12 of its levels.
You also visited: Ice Cave.

You collected 2307 gold pieces.
You spent 715 gold pieces at shops.
You paid 822 gold pieces to Gozag.

Inventory:

Hand Weapons
 a - a +0 dagger
 p - a +0 dagger of speed
 D - the +1 mace of the Lusting Vulture {pain, Will- MP+9 Int+10}
   (You found it on level 8 of the Dungeon)

   In the hands of one skilled in necromantic magic, it inflicts extra damage on
   living creatures.
   It affects your intelligence (+10).
   It affects your willpower, your defense against some magical effects.
   It affects your magic capacity (+9).
 H - the +5 quarterstaff of Resourcefulness {vorpal, rC+ rN+ Str+3 Stlth-}
   (You found it on level 8 of the Dungeon)

   It inflicts extra damage upon your enemies.
   It affects your strength (+3).
   It protects you from cold.
   It protects you from negative energy.
   It makes you less stealthy.
Missiles
 J - 6 curare-tipped darts
Armour
 b - the cursed +0 robe "Ohimo" {rN+ Slay+4}
   (You took it off a gnoll shaman on level 8 of the Dungeon)

   It affects your accuracy and damage with ranged weapons and melee attacks
   (+4).
   It protects you from negative energy.
   It has a curse placed upon it.
 c - a +2 hat (worn)
 E - the +4 ring mail of Untruth {rElec rF+ SInv}
   (You found it on level 6 of the Dungeon)

   It protects you from fire.
   It insulates you from electricity.
   It lets you see invisible.
 K - a +2 robe of willpower (worn)
Magical Staves
 Q - an uncursed staff of poison
 S - an uncursed staff of earth
 T - an uncursed staff of fire
 V - an uncursed staff of conjuration (weapon)
Jewellery
 d - an uncursed ring of protection from cold
 e - a ring of willpower (left hand)
 q - an amulet of guardian spirit (around neck)
 x - a +6 ring of strength
 C - an uncursed amulet of the acrobat
 F - a ring of positive energy (right hand)
 R - an uncursed amulet of faith
 U - an uncursed ring of positive energy
Wands
 s - a wand of random effects (27)
Scrolls
 f - 6 scrolls of teleportation
 i - 7 scrolls of remove curse
 m - a scroll of amnesia
 n - 2 scrolls of fear {unknown}
 r - 2 scrolls of enchant armour
 u - 2 scrolls of magic mapping {unknown}
 v - 2 scrolls of immolation {unknown}
 y - a scroll of enchant weapon {unknown}
 A - a scroll of noise {unknown}
 G - a scroll of blinking {unknown}
 I - a scroll of holy word {unknown}
 O - 2 scrolls of fog {unknown}
 W - a scroll of random uselessness {unknown}
Potions
 g - 5 potions of attraction
 h - 2 potions of brilliance
 j - a potion of invisibility
 k - 3 potions of haste
 o - 5 potions of curing
 t - a potion of heal wounds
 w - 4 potions of lignification
 z - 3 potions of ambrosia
 B - 3 potions of flight
 M - 2 potions of might
 N - 4 potions of degeneration {unknown}
 P - a potion of berserk rage {unknown}


   Skills:
 - Level 0.7 Staves
 + Level 4.8 Dodging
 + Level 5.3 Stealth
 + Level 16.6 Spellcasting
 + Level 9.2 Conjurations
 + Level 5.0 Summonings
 + Level 4.9 Translocations
 + Level 4.8 Fire Magic
 + Level 3.8 Air Magic
 + Level 2.6 Poison Magic
 + Level 1.0 Evocations


You had 20 spell levels left.
You knew the following spells:

 Your Spells              Type           Power        Failure   Level
a - Magic Dart            Conj           100%         1%          1
b - Blink                 Tloc           N/A          1%          2
c - Conjure Flame         Conj/Fire      67%          1%          3
d - Mephitic Cloud        Conj/Pois/Air  60%          1%          3
e - Summon Lightning Spi  Summ/Air       39%          4%          4
f - Gell's Gravitas       Tloc           20%          1%          3
g - Teleport Other        Tloc           41%          1%          3
h - Passage of Golubria   Tloc           N/A          3%          4

Your spell library contained the following spells:

 Spells                   Type           Power        Failure   Level
 Summon Small Mammal      Summ           100%         1%          1
 Call Imp                 Summ           42%          1%          2
 Call Canine Familiar     Summ           42%          1%          3
 Lesser Beckoning         Tloc           20%          1%          3
 Summon Guardian Golem    Hex/Summ       30%          3%          3
 Slow                     Hex            19%          4%          2
 Wereblood                Tmut           19%          4%          2
 Confusing Touch          Hex            19%          9%          3
 Summon Ice Beast         Ice/Summ       30%          10%         4
 Irradiate                Conj/Tmut      28%          12%         5
 Leda's Liquefaction      Hex/Erth       9%           28%         4
 Eringya's Noxious Bog    Tmut/Pois      12%          95%         6


Dungeon Overview and Level Annotations

Branches:
Dungeon (10/15)            Temple (1/1) D:5            Lair (1/6) D:8
    Orc (0/2) D:9           IceCv (1/1)

Altars:
Ashenzari
Cheibriados
Dithmenos
Elyvilon
Gozag
Hepliaklqana
Makhleb
Nemelex Xobeh
Ru
Sif Muna
Vehumet
Xom
Yredelemnul
Zin
The Shining One

Shops:
D:6 :   D:8 *   D:10 (

Annotations:
D:5 exclusion: downstairs
D:7 exclusion: 2 downstairs
D:10 3 runed translucent doors, exclusions: 3 doors and upstairs, lasso's ghost, journeyman DECj


Message History

The magic dart hits the freezing wraith but does no damage.
The freezing wraith is heavily damaged.
The freezing wraith misses you. The freezing wraith hits you!
The freezing wraith drains your vigour!
You feel yourself slow down. The freezing wraith hits you.
The freezing wraith freezes you! The freezing wraith closely misses you.
The freezing wraith hits you! The freezing wraith freezes you!
The freezing wraith hits you! The freezing wraith hits you.
* * * LOW HITPOINT WARNING * * *
The freezing wraith freezes you!
* * * LOW HITPOINT WARNING * * *
The freezing wraith hits you but does no damage.
Your lightning spire shoots out a bolt of lightning at the freezing wraith!
The bolt of electricity hits the freezing wraith!
Your lightning spire disappears in a puff of smoke!
The freezing wraith hits you!
* * * LOW HITPOINT WARNING * * *
The freezing wraith freezes you!!
You die...
Your body crumbles into a pile of gold.

#####
##...##
#.....#
#.8#..##
#..##...##
#.# ##...##
#.. ##.ยง.##
#.. ##.@.#
#. ##.W## ..
######..#
##...###.##
##.....##..#
#...#...#..#
#..####....#
##..# ##...#
##..## ##.##


You could see a freezing wraith.

Vanquished Creatures
  Josephine (D:10)
  Erica (D:8)
  A two-headed ogre (D:8)
  An unseen horror (D:9)
  A freezing wraith (IceCv)
  A troll (D:9)
  10 yaks
  Sigmund (D:3)
  2 wyverns (D:8)
  A basilisk (D:8)
  Menkaure (D:7)
  Edmund (D:5)
  3 water moccasins (D:8)
  An orc warrior (D:9)
  2 nameless horrors
  2 phantoms
  A sky beast (D:9)
  2 necrophages
  2 black bears
  3 ice beasts
  5 ogres
  A centaur (D:6)
  A big kobold (D:9)
  5 bullfrogs
  A water moccasin zombie (D:4)
  2 scorpions
  A water moccasin skeleton (D:8)
  4 killer bees (D:8)
  2 wights (D:8)
  2 howler monkeys
  A bullfrog zombie (D:5)
  5 hounds
  2 jellies (D:5)
  3 centaur skeletons
  2 gnoll shamans (D:8)
  2 orc priests
  An orc wizard (D:10)
  2 bullfrog skeletons
  Jessica (D:2)
  3 iguanas
  4 worker ants
  A killer bee zombie (D:9)
  A wolf simulacrum (IceCv)
  A hound zombie (D:4)
  A howler monkey skeleton (D:4)
  A worker ant zombie (D:5)
  14 gnolls
  9 adders
  2 shadow imps (D:8)
  6 white imps
  5 ufetubi
  2 adder zombies (D:5)
  An ooze (D:3)
  2 adder skeletons
  3 worms (D:2)
  4 dart slugs
  3 leopard geckos
  17 orcs
  6 giant cockroaches
  11 goblins
  5 hobgoblins
  20 jackals
  7 kobolds
  2 quokkas
  6 ball pythons
  4 bats
  6 frilled lizards
  A jackal skeleton (D:5)
  A jackal zombie (D:9)
  A leopard gecko skeleton (D:4)
  A quokka skeleton (D:8)
  9 rats
241 creatures vanquished.

Vanquished Creatures (collateral kills)
  2 two-headed ogres
  Urug (D:10)
  Maggie (D:10)
  A rime drake (Lair:1)
  2 freezing wraiths (IceCv)
  2 trolls
  A wolf spider simulacrum (IceCv)
  6 yaks
  3 wraiths (D:10)
  3 wyverns
  3 water moccasins
  4 orc warriors
  4 ice beasts (IceCv)
  2 ogres (D:9)
  6 big kobolds
  A bullfrog (D:9)
  2 gnoll sergeants (D:9)
  A scorpion (D:9)
  A killer bee (D:8)
  2 wights (D:8)
  A hound (D:9)
  2 orc wizards (D:10)
  2 iguanas (D:9)
  2 polar bear simulacra (IceCv)
  2 gnolls (D:9)
  An adder (D:10)
  4 white imps (IceCv)
  8 orcs
70 creatures vanquished.

Vanquished Creatures (others)
  A yak (D:9)
  A killer bee (D:8)
  A bullfrog (D:9)
  A hound (D:9)
  A worker ant (D:9)
  An orc (D:8)
  A jackal (D:9)
  6 bushes (D:8)
  6 fungi
  27 plants
46 creatures vanquished.

Grand Total: 357 creatures vanquished

Notes
Turn   | Place    | Note
-------+----------+-------------------------------------------
     0 | D:1      | H0rd4k the Deep Elf Hedge Wizard began the quest for the
                  | Orb.
     0 | D:1      | Reached XP level 1. HP: 10/10 MP: 7/7
   244 | D:1      | Reached skill level 5 in Spellcasting
   332 | D:1      | Reached XP level 2. HP: 15/15 MP: 5/10
  1140 | D:1      | Reached XP level 3. HP: 19/19 MP: 8/11
  1144 | D:1      | Learned a level 2 spell: Blink
  1148 | D:1      | Learned a level 3 spell: Conjure Flame
  1152 | D:1      | Learned a level 3 spell: Mephitic Cloud
  2701 | D:2      | Reached XP level 4. HP: 24/24 MP: 8/13
  2824 | D:2      | Reached skill level 6 in Spellcasting
  3095 | D:2      | Reached skill level 1 in Air Magic
  3115 | D:2      | Noticed Jessica
  3125 | D:2      | Killed Jessica
  3250 | D:2      | Upgraded the game from 0.26.0-3-g156281e41b to
                  | 0.26.0-5-gb5863c6483
  3250 | D:2      | Upgraded the game from 0.26.0-5-gb5863c6483 to
                  | 0.26.0-7-g794d0892b4
  3376 | D:3      | Found a radiant altar of Vehumet.
  3376 | D:3      | Found a snail-covered altar of Cheibriados.
  3562 | D:3      | Noticed Sigmund
  3574 | D:3      | Killed Sigmund
  3575 | D:3      | Reached skill level 1 in Fire Magic
  3575 | D:3      | Reached skill level 1 in Poison Magic
  3575 | D:3      | Reached XP level 5. HP: 19/28 MP: 6/16
  3575 | D:3      | Reached XP level 6. HP: 22/32 MP: 6/17
  4262 | D:3      | Found a faded altar of an unknown god.
  4567 | D:4      | Found a white marble altar of Elyvilon.
  4595 | D:4      | Reached skill level 7 in Spellcasting
  5027 | D:4      | Reached skill level 8 in Spellcasting
  5070 | D:4      | Reached XP level 7. HP: 36/36 MP: 9/20
  5902 | D:5      | Entered Level 5 of the Dungeon
  5918 | D:5      | Reached skill level 9 in Spellcasting
  6114 | D:5      | Reached skill level 5 in Conjurations
  6169 | D:5      | Learned a level 4 spell: Summon Lightning Spire
  6399 | D:5      | Reached XP level 8. HP: 38/41 MP: 16/23
  6626 | D:5      | Found a staircase to the Ecumenical Temple.
  6684 | D:5      | Found a basalt altar of Yredelemnul.
  6922 | D:5      | Noticed Edmund
  6936 | D:5      | Killed Edmund
  7471 | Temple   | Entered the Ecumenical Temple
  7521 | Temple   | Became a worshipper of Gozag Ym Sagoz the Greedy
  7594 | D:6      | Reached skill level 10 in Spellcasting
  7946 | D:6      | Found Vophu's Book Emporium.
  8439 | D:6      | Got a transparent ring mail
  8452 | D:6      | Identified the +4 ring mail of Untruth {rElec rF+ SInv}
                  | (You found it on level 6 of the Dungeon)
  8509 | D:7      | Noticed Menkaure
  8811 | D:7      | Reached skill level 11 in Spellcasting
  9030 | D:7      | Killed Menkaure
  9220 | D:7      | Reached XP level 9. HP: 39/45 MP: 15/26
  9601 | D:7      | Found a sacrificial altar of Ru.
  9786 | D:8      | Got a jewelled quarterstaff
  9953 | D:8      | Found a staircase to the Lair.
  9953 | D:8      | Noticed a two-headed ogre
  9962 | D:8      | Identified the +5 quarterstaff of Resourcefulness {vorpal,
                  | rC+ rN+ Str+3 Stlth-} (You found it on level 8 of the
                  | Dungeon)
  9969 | D:8      | Identified the cursed +0 robe "Ohimo" {rN+ Slay+4}
 10009 | D:8      | Reached skill level 12 in Spellcasting
 10128 | D:8      | Noticed a two-headed ogre
 10170 | D:8      | Killed a two-headed ogre
 10519 | D:8      | Reached skill level 13 in Spellcasting
 10742 | D:8      | Got a fine mace
 10743 | D:8      | Identified the +1 mace of the Lusting Vulture {pain, Will-
                  | MP+9 Int+10} (You found it on level 8 of the Dungeon)
 11075 | D:8      | Reached XP level 10. HP: 50/50 MP: 29/29
 11087 | D:8      | Noticed Erica
 11681 | D:8      | Killed Erica
 11682 | D:8      | Reached skill level 14 in Spellcasting
 12508 | D:8      | Killed a two-headed ogre
 12916 | D:9      | Found a shimmering altar of Xom.
 12979 | D:9      | Found a sparkling altar of Nemelex Xobeh.
 13012 | D:10     | Entered Level 10 of the Dungeon
 13663 | D:10     | Noticed an orc knight
 13663 | D:10     | Noticed an orc knight
 13665 | D:10     | Noticed a red ugly thing
 13665 | D:10     | Noticed a manticore
 13686 | D:10     | Found Torydo's Weapon Boutique.
 13706 | D:10     | Noticed Urug
 13724 | D:10     | Noticed a green ugly thing
 13724 | D:10     | Killed Urug
 13725 | D:10     | Reached skill level 5 in Stealth
 13857 | D:10     | Reached XP level 11. HP: 51/54 MP: 22/31
 14057 | D:10     | Noticed a two-headed ogre
 14097 | D:10     | Killed a two-headed ogre
 14098 | D:10     | Reached skill level 15 in Spellcasting
 14155 | D:10     | Noticed Maggie
 14166 | D:10     | Killed Maggie
 14310 | D:10     | Noticed Josephine
 14328 | D:10     | Killed Josephine
 14716 | D:10     | Found a runed translucent gate.
 14717 | D:10     | Found a runed translucent gate.
 14718 | D:10     | Noticed lasso's ghost (journeyman DECj)
 14718 | D:10     | Found a runed translucent gate.
 14720 | D:10     | Identified the +4 dagger of Currency {venom, rF+ Dex+4}
 15189 | D:9      | Noticed an unseen horror
 15407 | D:9      | Found a staircase to the Orcish Mines.
 15530 | D:9      | Killed an unseen horror
 15531 | D:9      | Reached skill level 1 in Evocations
 15895 | D:9      | Reached skill level 5 in Summonings
 15925 | D:9      | Reached skill level 16 in Spellcasting
 15991 | D:9      | Noticed a seven-headed hydra
 16297 | D:9      | Identified the Almanac of Transformation and Execration
 16446 | D:9      | Identified the +9 arbalest "Ficycs" {venom, *Slow rF- rC+++
                  | Stlth+}
 16756 | D:6      | Bought a book of Spatial Translocations for 715 gold pieces
 16760 | D:6      | Learned a level 3 spell: Gell's Gravitas
 16764 | D:6      | Learned a level 3 spell: Teleport Other
 16769 | D:6      | Learned a level 4 spell: Passage of Golubria
 16891 | Lair:1   | Entered Level 1 of the Lair of Beasts
 16993 | Lair:1   | Found a frozen archway.
 17067 | IceCv    | Entered an ice cave
 17708 | IceCv    | HP: 2/54 [freezing wraith (6)]
 17708 | IceCv    | Demolished by a freezing wraith

Illustrated notes

Levels and vault maps discovered:
D:1:      kennysheep_arrival_seaside, layout_basic, minmay_shallow_snake_nest
D:2:      layout_basic, uniq_jessica
D:3:      layout_loops_corners, gammafunk_temple_overflow_statue,
          chequers_ecumenical_altar_lobes, uniq_sigmund
D:4:      minmay_diamond_boxcup, layout_loops_corners, old_standard_altar,
          kennysheep_dice
D:5:      layout_loops_corners, general_overflow_altar,
          minmay_temple_entry_hall, amcnicky_mini_pool_small,
          chequers_serial_rivers_micro_b, kennysheep_pointless_box,
          minmay_misc_feat_tiny, uniq_edmund
D:6:      layout_rooms, serial_shops, kennysheep_mini
D:7:      layout_loops_cross, marbit_many_paths, uniq_menkaure
D:8:      layout_loops_ring, minmay_lair_entry_grove, uniq_erica
D:9:      minmay_the_grid_four_pointed_star
          [minmay_the_grid_triangle_9x9_wacky_v,
          minmay_the_grid_triangle_9x9_odd_lines,
          minmay_the_grid_triangle_9x9_steps,
          minmay_the_grid_triangle_9x9_sprig,
          minmay_the_grid_prize_four_corners_diamond_a], layout_cave_pools,
          xom_confusion_cloud, nemelex_xobeh_ov_fountains_minmay,
          kennysheep_orc_monster_closet_entryway
D:10:     layout_gridville, serial_shops, kennysheep_mini_moat,
          gammafunk_ghost_nasty_kobolds, minivault_12, uniq_maggie, uniq_urug,
          uniq_josephine
Temple:   bh_familiar_temple
Lair:1:   layout_loops_ring, portal_ice_cave_rime, st_stairs_11,
          lemuel_fruit_fields, lemuel_fruit_fields, grunt_megastairs_1
IceCv:    ice_cave_small_necro

Skill      XL: |  1  2  3  4  5  6  7  8  9 10 11 |
---------------+----------------------------------+-----
Spellcasting   | 5 6 8 9 11 13 14 16 | 16.6
Air Magic      | 1 3 |  3.8
Stealth        | 3 4 5 |  5.3
Conjurations   | 3 4 5 6 7 8 9 |  9.2
Fire Magic     | 1 2 4 |  4.8
Poison Magic   | 1 2 |  2.6
Dodging        | 3 4 |  4.8
Summonings     | 3 4 5 |  5.0
Translocations | 2 4 |  4.9
Evocations     | 1 |  1.0
Staves         | |  0.7

Action                   |  1- 3 |  4- 6 |  7- 9 | 10-12 || total
-------------------------+-------+-------+-------+-------++-------
Melee: Quarterstaff      |       |       |     2 |       ||     2
       Mace              |       |       |       |     2 ||     2
 Cast: Magic Dart        |   122 |   122 |   307 |   364 ||   915
       Conjure Flame     |       |     5 |    30 |    45 ||    80
       Mephitic Cloud    |       |     2 |    14 |     6 ||    22
       Blink             |       |     1 |    25 |    26 ||    52
       Summon Lightning  |       |       |       |    62 ||    62
       Teleport Other    |       |       |       |     1 ||     1
Invok: Call Merchant     |       |       |       |     1 ||     1
Evoke: Wand              |       |       |     3 |     8 ||    11
  Use: Scroll            |       |       |     7 |     9 ||    16
       Potion            |       |       |     1 |     6 ||     7
Armor: Robe              |     2 |     1 |     2 |    14 ||    19
       Leather armour    |       |       |     7 |     2 ||     9
       Ring mail         |       |       |       |    21 ||    21
Dodge: Dodged            |    21 |    11 |    80 |   116 ||   228
